BSA
SPRINGFIELD STARS @ GREENVILLE 84S
06/19/2026
 
TOP OF THE 1ST
Springfield Stars batting - Pitching for Greenville 84s : RHP Jing-xiang Fa
Pitching: RHP Jing-xiang Fa
Batting: RHB Juan Rodríguez 0-0: SINGLE (Groundball, 5L)
Batting: RHB Calvin Bennett 0-0: Swinging Strike
0-1: Called Strike
Juan Rodríguez steals 2nd base
0-2: Foul Ball, location: 2F
0-2: Foul Ball, location: 2F
0-2: Foul Ball, location: 2F
0-2: Foul Ball, location: 2F
0-2: SINGLE (Groundball, 56D) (infield hit)
Juan Rodríguez to third
Batting: LHB Derek Davidson 0-0: Ball
1-0: SINGLE (Line Drive, 4M)
Juan Rodríguez scores
Calvin Bennett to second
Batting: LHB Felipe Guerrero 0-0: Foul Ball, location: 2F
0-1: Swinging Strike
0-2: Foul Ball, location: 2F
0-2: Ball
1-2: Ball
2-2: Grounds into double play, 6-4-3 (Groundball, 6M)
Calvin Bennett to third
Batting: RHB Juan Carlos Rodríguez 0-0: Ball
1-0: Ball
2-0: Foul Ball, location: 2F
2-1: Ground out 5-3 (Groundball, 56)
Top of the 1st over - 1 run(s), 3 hit(s), 0 error(s), 1 left on base; Springfield 1 - Greenville 0
BOTTOM OF THE 1ST
Greenville 84s batting - Pitching for Springfield Stars : RHP Kyu-pyeong Pak
Pitching: RHP Kyu-pyeong Pak
Batting: RHB Carlos Torres 0-0: Ball
1-0: Swinging Strike
1-1: Ball
2-1: Ball
3-1: Foul Ball, location: 2F
3-2: Fly out, F3 (Popup, 3DF)
Batting: LHB Chris Moore 0-0: Foul Ball, location: 2F
0-1: SINGLE (Line Drive, 56)
Batting: RHB Enzo Díaz 0-0: Called Strike
0-1: Called Strike
0-2: Ball
1-2: Fly out, F8 (Flyball, 8RS)
Batting: LHB Brock Larsen 0-0: Ball
1-0: Foul Ball, location: 2F
1-1: Ball
2-1: Ball
3-1: DOUBLE (Line Drive, 7D)
Chris Moore to third
Batting: LHB Jimmy Vickers 0-0: Ball
1-0: Ball
2-0: Ball
3-0: SINGLE (Line Drive, 7S)
Chris Moore scores
Brock Larsen to third
Runner from 3rd tries for Home, SAFE, no throw or cutoff
Batting: LHB Kiyonaga Morita 0-0: Called Strike
0-1: Ball
1-1: Ball
2-1: Foul Ball, location: 2F
2-2: Ball
3-2: SINGLE (Line Drive, 78M)
Jimmy Vickers to second
Jimmy Vickers to third
Batting: SHB Gilberto Guzmán 0-0: Ground out 4-3 (Groundball, 4)
Bottom of the 1st over - 2 run(s), 4 hit(s), 0 error(s), 2 left on base; Springfield 1 - Greenville 2
TOP OF THE 2ND
Springfield Stars batting - Pitching for Greenville 84s : RHP Jing-xiang Fa
Batting: SHB Shane Hutchinson 0-0: Ball
1-0: Ball
2-0: SINGLE (Flyball, 7LM)
Batting: SHB David García 0-0: Swinging Strike
0-1: Ball
1-1: Grounds into double play, 4-6-3 (Groundball, 34)
Batting: RHB Will Sterling 0-0: Called Strike
0-1: Foul Ball, location: 2F
0-2: Ground out 5-3 (Groundball, 5)
Top of the 2nd over - 0 run(s), 1 hit(s), 0 error(s), 0 left on base; Springfield 1 - Greenville 2
BOTTOM OF THE 2ND
Greenville 84s batting - Pitching for Springfield Stars : RHP Kyu-pyeong Pak
Batting: RHB Vic Langlois 0-0: Swinging Strike
0-1: Ground out 4-3 (Groundball, 4)
Batting: RHB Sugita Ito 0-0: Ball
1-0: Fly out, F4 (Popup, 4D)
Batting: RHB Carlos Torres 0-0: Foul Ball, location: 2F
0-1: Ball
1-1: Ball
2-1: Foul Ball, location: 2F
2-2: Foul Ball, location: 2F
2-2: Strikes out swinging
Bottom of the 2nd over - 0 run(s), 0 hit(s), 0 error(s), 0 left on base; Springfield 1 - Greenville 2
TOP OF THE 3RD
Springfield Stars batting - Pitching for Greenville 84s : RHP Jing-xiang Fa
Batting: LHB Jesús Tobías 0-0: Ball
1-0: Swinging Strike
1-1: Foul Ball, location: 2F
1-2: Ball
2-2: Ground out 4-3 (Groundball, 4)
Batting: RHB Juan Rodríguez 0-0: Called Strike
0-1: Ball
1-1: Fly out, F7 (Flyball, 7M)
Batting: RHB Calvin Bennett 0-0: Ball
1-0: Called Strike
1-1: Foul Ball, location: 2F
1-2: Fly out, F9 (Line Drive, 9D)
Top of the 3rd over - 0 run(s), 0 hit(s), 0 error(s), 0 left on base; Springfield 1 - Greenville 2
BOTTOM OF THE 3RD
Greenville 84s batting - Pitching for Springfield Stars : RHP Kyu-pyeong Pak
Batting: LHB Chris Moore 0-0: Ball
1-0: Ball
2-0: Foul Ball, location: 2F
2-1: Foul Ball, location: 2F
2-2: Foul Ball, location: 2F
2-2: SINGLE (Groundball, 56D)
Batting: RHB Enzo Díaz 0-0: Ball
1-0: Ball
2-0: Called Strike
2-1: Fly out, F8 (Flyball, 8RD)
Batting: LHB Brock Larsen 0-0: Ball
1-0: Called Strike
1-1: Called Strike
1-2: Strikes out swinging
Batting: LHB Jimmy Vickers 0-0: Ball
1-0: Ball
2-0: Called Strike
2-1: Ball
3-1: Fly out, F8 (Flyball, 8RS)
Bottom of the 3rd over - 0 run(s), 1 hit(s), 0 error(s), 1 left on base; Springfield 1 - Greenville 2
TOP OF THE 4TH
Springfield Stars batting - Pitching for Greenville 84s : RHP Jing-xiang Fa
Batting: LHB Derek Davidson 0-0: Called Strike
0-1: Ball
1-1: SOLO HOME RUN (Flyball, 8LXD), Distance : 448 ft
Batting: LHB Felipe Guerrero 0-0: Foul Ball, location: 2F
0-1: Ball
1-1: Swinging Strike
1-2: Foul Ball, location: 2F
1-2: Ball
2-2: SOLO HOME RUN (Flyball, 9LD), Distance : 331 ft
Batting: RHB Juan Carlos Rodríguez 0-0: Called Strike
0-1: Foul Ball, location: 2F
0-2: Strikes out swinging
Batting: SHB Shane Hutchinson 0-0: Ball
1-0: Foul Ball, location: 2F
1-1: Called Strike
1-2: Foul Ball, location: 2F
1-2: Ball
2-2: Ball
3-2: Strikes out swinging
Batting: SHB David García 0-0: Ball
1-0: Fly out, F9 (Flyball, 9M)
Top of the 4th over - 2 run(s), 2 hit(s), 0 error(s), 0 left on base; Springfield 3 - Greenville 2
BOTTOM OF THE 4TH
Greenville 84s batting - Pitching for Springfield Stars : RHP Kyu-pyeong Pak
Batting: LHB Kiyonaga Morita 0-0: Ball
1-0: Called Strike
1-1: Ball
2-1: Foul Ball, location: 2F
2-2: Fly out, F8 (Line Drive, 8LS)
Batting: SHB Gilberto Guzmán 0-0: Ball
1-0: Fly out, F8 (Flyball, 8LXD)
Batting: RHB Vic Langlois 0-0: Ball
1-0: Called Strike
1-1: Foul Ball, location: 2F
1-2: Foul Ball, location: 2F
1-2: Strikes out swinging
Bottom of the 4th over - 0 run(s), 0 hit(s), 0 error(s), 0 left on base; Springfield 3 - Greenville 2
TOP OF THE 5TH
Springfield Stars batting - Pitching for Greenville 84s : RHP Jing-xiang Fa
Batting: RHB Will Sterling 0-0: Called Strike
0-1: Called Strike
0-2: Strikes out looking
Batting: LHB Jesús Tobías 0-0: Ball
1-0: Swinging Strike
1-1: Ball
2-1: SINGLE (Groundball, 34D)
Batting: RHB Juan Rodríguez 0-0: Ball
Wild Pitch!
Jesús Tobías to second
1-0: Ball
2-0: Called Strike
2-1: Fly out, F9 (Flyball, 89S)
Batting: RHB Calvin Bennett 0-0: Ball
1-0: Ball
2-0: Foul Ball, location: 2F
2-1: Ball
3-1: Called Strike
3-2: Foul Ball, location: 2F
3-2: Fly out, F4 (Popup, 4MD)
Top of the 5th over - 0 run(s), 1 hit(s), 0 error(s), 1 left on base; Springfield 3 - Greenville 2
BOTTOM OF THE 5TH
Greenville 84s batting - Pitching for Springfield Stars : RHP Kyu-pyeong Pak
Batting: RHB Sugita Ito 0-0: Ball
1-0: Called Strike
1-1: Called Strike
1-2: Strikes out looking
Batting: RHB Carlos Torres 0-0: Foul Ball, location: 2F
0-1: Foul Ball, location: 2F
0-2: SINGLE (Line Drive, 9LS)
Batting: LHB Chris Moore 0-0: Ball
1-0: SINGLE (Groundball, 34D)
Carlos Torres to second
Runner from 2nd tries for 3rd, SAFE, no throw or cutoff
Batting: RHB Enzo Díaz 0-0: Ball
1-0: Foul Ball, location: 2F
1-1: Grounds into double play, 6-4-3 (Groundball, 6)
Bottom of the 5th over - 0 run(s), 2 hit(s), 0 error(s), 1 left on base; Springfield 3 - Greenville 2
TOP OF THE 6TH
Springfield Stars batting - Pitching for Greenville 84s : RHP Jing-xiang Fa
Batting: LHB Derek Davidson 0-0: SOLO HOME RUN (Flyball, 89XD), Distance : 390 ft
Batting: LHB Felipe Guerrero 0-0: Ball
1-0: Foul Ball, location: 2F
1-1: Ball
2-1: Swinging Strike
2-2: Ball
3-2: Ground out 4-3 (Groundball, 34)
Batting: RHB Juan Carlos Rodríguez 0-0: Foul Ball, location: 2F
0-1: Ball
1-1: Ball
2-1: Reached on error, E5 (Groundball, 5L)
Batting: SHB Shane Hutchinson 0-0: Intentional Walk
Batting: SHB David García 0-0: Called Strike
0-1: SINGLE (Line Drive, 34D)
Juan Carlos Rodríguez to third
Shane Hutchinson to second
Batting: RHB Will Sterling 0-0: Ball
1-0: Grounds into double play, 6-4-3 (Groundball, 6)
Top of the 6th over - 1 run(s), 2 hit(s), 1 error(s), 2 left on base; Springfield 4 - Greenville 2
BOTTOM OF THE 6TH
Greenville 84s batting - Pitching for Springfield Stars : RHP Kyu-pyeong Pak
Batting: LHB Brock Larsen 0-0: Ground out 4-3 (Groundball, 34)
Batting: LHB Jimmy Vickers 0-0: Swinging Strike
0-1: Called Strike
0-2: Ball
1-2: Foul Ball, location: 2F
1-2: Strikes out swinging
Batting: LHB Kiyonaga Morita 0-0: Called Strike
0-1: Fly out, F8 (Flyball, 8LS)
Bottom of the 6th over - 0 run(s), 0 hit(s), 0 error(s), 0 left on base; Springfield 4 - Greenville 2
TOP OF THE 7TH
Springfield Stars batting - Pitching for Greenville 84s : RHP Jing-xiang Fa
Pitching: LHP Manuel Herrera
Batting: LHB Jesús Tobías 0-0: Ball
1-0: Swinging Strike
1-1: Foul Ball, location: 2F
1-2: Foul Ball, location: 2F
1-2: Ball
2-2: Fly out, F3 (Popup, 3S)
Batting: RHB Juan Rodríguez 0-0: Ball
1-0: Ball
2-0: Called Strike
2-1: Ground out 6-3 (Groundball, 6)
Batting: RHB Calvin Bennett 0-0: Ball
1-0: Foul Ball, location: 2F
1-1: Ball
2-1: Ball
3-1: Swinging Strike
3-2: Base on Balls
Batting: LHB Derek Davidson 0-0: Called Strike
0-1: Foul Ball, location: 2F
0-2: Ball
1-2: Ball
2-2: Ball
Calvin Bennett is caught stealing 2nd base
Top of the 7th over - 0 run(s), 0 hit(s), 0 error(s), 0 left on base; Springfield 4 - Greenville 2
BOTTOM OF THE 7TH
Greenville 84s batting - Pitching for Springfield Stars : RHP Kyu-pyeong Pak
Batting: SHB Gilberto Guzmán 0-0: Called Strike
0-1: Swinging Strike
0-2: Ball
1-2: Ball
2-2: Ball
3-2: Ground out 6-3 (Groundball, 6)
Batting: RHB Vic Langlois 0-0: Called Strike
0-1: Ball
1-1: Foul Ball, location: 2F
1-2: Ball
2-2: Strikes out swinging
Batting: RHB Sugita Ito 0-0: Ball
1-0: Ball
2-0: Foul Ball, location: 2F
2-1: Swinging Strike
2-2: Fly out, F9 (Flyball, 9M)
Bottom of the 7th over - 0 run(s), 0 hit(s), 0 error(s), 0 left on base; Springfield 4 - Greenville 2
TOP OF THE 8TH
Springfield Stars batting - Pitching for Greenville 84s : LHP Manuel Herrera
Batting: LHB Derek Davidson 0-0: Called Strike
0-1: Ball
1-1: Ball
2-1: Foul Ball, location: 2F
2-2: Ball
3-2: Base on Balls
Batting: LHB Felipe Guerrero 0-0: Ball
1-0: Foul Ball, location: 2F
1-1: Called Strike
1-2: Strikes out swinging
Batting: RHB Juan Carlos Rodríguez 0-0: Fly out, F6 (Line Drive, 6)
Batting: SHB Shane Hutchinson 0-0: Ball
1-0: Swinging Strike
1-1: Swinging Strike
1-2: Ball
2-2: Strikes out looking
Top of the 8th over - 0 run(s), 0 hit(s), 0 error(s), 1 left on base; Springfield 4 - Greenville 2
BOTTOM OF THE 8TH
Greenville 84s batting - Pitching for Springfield Stars : RHP Kyu-pyeong Pak
Pitching: RHP José Valdéz
Batting: RHB Carlos Torres 0-0: Called Strike
0-1: Ground out 4-3 (Groundball, 4M)
Batting: LHB Chris Moore 0-0: Called Strike
0-1: Foul Ball, location: 2F
0-2: Foul Ball, location: 2F
0-2: Ball
1-2: Foul Ball, location: 2F
1-2: Foul Ball, location: 2F
1-2: Strikes out swinging
Batting: RHB Enzo Díaz 0-0: Foul Ball, location: 2F
0-1: Ball
1-1: Ball
2-1: Foul Ball, location: 2F
2-2: Foul Ball, location: 2F
2-2: Ball
3-2: Foul Ball, location: 2F
3-2: Ground out 5-3 (Groundball, 5L)
Bottom of the 8th over - 0 run(s), 0 hit(s), 0 error(s), 0 left on base; Springfield 4 - Greenville 2
TOP OF THE 9TH
Springfield Stars batting - Pitching for Greenville 84s : LHP Manuel Herrera
Batting: SHB David García 0-0: Foul Ball, location: 2F
0-1: Foul Ball, location: 2F
0-2: Ball
1-2: Ball
2-2: Foul Ball, location: 2F
2-2: Ball
3-2: Ground out 5-3 (Groundball, 56S)
Batting: RHB Will Sterling 0-0: Ball
1-0: Ground out 3-1 (Groundball, 34S)
Batting: LHB Jesús Tobías 0-0: Ground out 4-3 (Groundball, 4)
Top of the 9th over - 0 run(s), 0 hit(s), 0 error(s), 0 left on base; Springfield 4 - Greenville 2
BOTTOM OF THE 9TH
Greenville 84s batting - Pitching for Springfield Stars : RHP José Valdéz
Batting: LHB Brock Larsen 0-0: Fly out, F6 (Popup, 6S)
Batting: LHB Jimmy Vickers 0-0: Called Strike
0-1: Ball
1-1: Called Strike
1-2: Foul Ball, location: 2F
1-2: Ball
2-2: Ball
3-2: Base on Balls
Batting: LHB Kiyonaga Morita 0-0: DOUBLE (Line Drive, 6)
Jimmy Vickers to third
Batting: SHB Gilberto Guzmán 0-0: Ball
1-0: Foul Ball, location: 2F
1-1: Ball
2-1: Ground out 4-3 (Groundball, 4M)
Jimmy Vickers scores
Kiyonaga Morita to third
Batting: RHB Vic Langlois 0-0: Called Strike
0-1: Called Strike
0-2: Strikes out swinging
Bottom of the 9th over - 1 run(s), 1 hit(s), 0 error(s), 1 left on base; Springfield 4 - Greenville 3
Monday, December 5th, 2016 - OOTP Baseball 17.12 Build 75